AoeStats
← Leite Quente

Black Forest

505329949Analyzed
4v4 RM · 23d ago on Sep 8, 2026· 18m 48s· 8 players
Game mode
Random Map
Map size
Large (8 player)
Population
200
Speed
Normal
Resources
Standard
Victory
Conquest
Starting age
Dark Age
Ending age
Imperial Age
RankedLock teamsTeams togetherTeam positionsShared explorationLock speedFull tech treeHidden civsTurbo modeCheats
Victory
Defeat
🇧🇷 Japanese · Brazil
1361
+15
🇩🇪 Cumans · Germany
1324
+17
🇫🇷 Bengalis · France
1317
+17
🇦🇷 Koreans · Argentina
1311
+17
🇩🇪 Ethiopians · Germany
1399
-19
🇬🇷 Mongols · Greece
1372
-18
🇪🇸 Persians · Spain
1356
-17
🇲🇽 Khmer · Mexico
1223
-12
Der Genosse
7:24 Loom
10:24 Feudal Age
12:40 Fletching
Leite Quente
6:14 Loom
11:11 Feudal Age
15:14 Castle Age
13:01 Double-Bit Axe
12:57 Horse Collar
13:52 Fletching
15:59 Bodkin Arrow
JOK3R_LSR
3:16 Loom
12:05 Feudal Age
15:49 Castle Age
14:10 Double-Bit Axe
Mat
0:26 Loom
12:24 Feudal Age
17:29 Castle Age
16:17 Horse Collar
16:25 Double-Bit Axe
19:10 Bow Saw
MZTK | ___Jaque_mate
1:52 Loom
9:13 Feudal Age
16:07 Castle Age
[MF]
12:13 Feudal Age
16:08 Castle Age
14:29 Loom
14:48 Double-Bit Axe
15:02 Fishing Lines
Zzulu
12:29 Feudal Age
16:44 Castle Age
14:44 Double-Bit Axe
Expected Toulouse
0:45 Loom
13:15 Feudal Age
16:53 Castle Age
15:25 Double-Bit Axe
15:21 Horse Collar
18:20 Bow Saw
18:11 Heavy Plow
Connection lost

Rejoining the realm…

Still unreachable

The connection could not be restored.

Session expired

The server has moved on; the page needs a fresh start.